 Dungeon Crawl Stone Soup version 0.32-a0-876-gcfddb08e57 (webtiles) character file.

Game seed: 18216117409257610144

292 porpoise the Shooter (level 6, -3/47 HPs)
             Began as a Human Hunter on Mar 31, 2024.
             Slain by Dowan
             ... wielding a +0 dagger
              (5 damage)
             ... on level 4 of the Dungeon on Apr 1, 2024.
             The game lasted 00:05:29 (2656 turns).

porpoise the Shooter (Human Hunter)                 Turns: 2656, Time: 00:05:30

Health: -3/47      AC:  4    Str:  8 (11) XL:     6   Next: 33%
Magic:  6/6        EV: 11    Int:  8 (9)  God:
Gold:   148        SH:  0    Dex: 16 (19) Spells: 5/5 levels left

rFire   . . .        a - +0 shortbow
rCold   . . .        (shield currently unavailable)
rNeg    . . .        c - +0 leather armour
rPois   .            j - +0 helmet
rElec   .            (no cloak)
rCorr   .            (no gloves)
SInv    .            (no boots)
Will    +....        (no amulet)
Stlth   ++           (no ring)
HPRegen 0.27/turn    (no ring)
MPRegen 0.10/turn

%: no passive effects
@: mighty, enlightened, flying
A: explore regen
a: no special abilities


You were on level 4 of the Dungeon.
You visited 1 branch of the dungeon, and saw 4 of its levels.

You collected 148 gold pieces.

Inventory:

Hand Weapons
 a - a +0 shortbow (weapon)
Missiles
 g - 6 poisoned darts
Armour
 c - a +0 leather armour (worn)
 j - a +0 helmet (worn)
Scrolls
 b - a scroll of butterflies
 d - a scroll of amnesia {unknown}
 e - 2 scrolls of identify {unknown}
 h - a scroll of fog {unknown}
 l - a scroll of immolation {unknown}
 m - a scroll of revelation {unknown}
Potions
 f - a potion of haste {unknown}
 i - a potion of curing


   Skills:
 + Level 3.6 Fighting
 * Level 5.9 Ranged Weapons
 - Level 2.0 Dodging
 + Level 3.3 Stealth


You had 5 spell levels left.
You didn't know any spells.
Your spell library was empty.

Dungeon Overview and Level Annotations

Branches:
Dungeon (4/15)
 Temple: D:4-7

Altars:
Sif Muna

Shops:
D:2 =

Annotations:
D:4 2 transporters, Dowan; Duvessa; mitya21's ghost, weakling DsSh


Innate Abilities, Weirdness & Mutations

You regain HP and MP as you explore.


Message History

You shoot an arrow. The arrow hits Duvessa.
Duvessa is severely wounded.
Dowan barely misses you. Duvessa hits you with a +0 short sword.
You shoot an arrow. The arrow barely misses Duvessa.
Duvessa hits you with a +0 short sword!
Dowan says, "Stay away from my face!"
Dowan hits you with a +0 dagger.
You are too injured to fight recklessly!
You shoot an arrow.
The arrow hits Duvessa but does no damage.
Duvessa is severely wounded.
Dowan hits you with a +0 dagger.
* * * LOW HITPOINT WARNING * * *
Duvessa hits you with a +0 short sword!
* * * LOW HITPOINT WARNING * * *
It was a potion of curing.
You feel better. Dowan barely misses you. Duvessa closely misses you.
You shoot an arrow.
The arrow hits Duvessa but does no damage.
Duvessa is severely wounded.
Dowan hits you with a +0 dagger.
* * * LOW HITPOINT WARNING * * *
Duvessa hits you with a +0 short sword.
* * * LOW HITPOINT WARNING * * *
It was a potion of enlightenment.
You feel very buoyant.
You fly up into the air.
Dowan hits you with a +0 dagger.
* * * LOW HITPOINT WARNING * * *
Duvessa hits you with a +0 short sword.
* * * LOW HITPOINT WARNING * * *
It was a potion of degeneration.
There was something very wrong with that liquid.
You feel weakened.
You feel dopey.
You feel clumsy. Dowan hits you with a +0 dagger.
* * * LOW HITPOINT WARNING * * *
Duvessa closely misses you.
It was a potion of might.
You feel very mighty all of a sudden. Dowan hits you with a +0 dagger.
You die...

### ..##. ##.....
....# ...(> #.#...
..... #.# # ... ..#
... ### #.# # #e# #
#########@#### #
#.†......e...#
########.#######.#.#.#
.........# #..#.#
########## ###.#.#
###.. ###


You could see Duvessa and Dowan.

Vanquished Creatures
  A black bear (D:4)
  A scorpion (D:4)
  A gnoll (D:1)
  7 adders
  2 dart slugs
  6 ball pythons
  8 bats
  5 endoplasms
  A giant cockroach (D:2)
  6 goblins
  7 hobgoblins
  5 jackals
  5 quokkas
  2 frilled lizards
  6 kobolds
  7 rats
70 creatures vanquished.

Notes
Turn   | Place    | Note
-------+----------+-------------------------------------------
     0 | D:1      | porpoise the Human Hunter began the quest for the Orb.
     0 | D:1      | Reached XP level 1. HP: 16/16 MP: 1/1
   142 | D:1      | Reached XP level 2. HP: 22/22 MP: 2/2
   437 | D:1      | Reached XP level 3. HP: 28/28 MP: 3/3
   956 | D:2      | Reached XP level 4. HP: 34/34 MP: 4/4
  1477 | D:2      | Found Efutidgh's Jewellery Emporium.
  1503 | D:2      | Reached skill level 5 in Ranged Weapons
  2029 | D:3      | Reached XP level 5. HP: 41/41 MP: 5/5
  2305 | D:3      | Found a shimmering blue altar of Sif Muna.
  2395 | D:4      | Noticed mitya21's ghost (weakling DsSh)
  2395 | D:4      | Noticed an ogre
  2395 | D:4      | Found a transporter.
  2395 | D:4      | Found a transporter.
  2398 | D:4      | Noticed an ogre
  2415 | D:4      | Noticed a black bear
  2430 | D:4      | Killed a black bear
  2431 | D:4      | Reached XP level 6. HP: 8/47 MP: 6/6
  2635 | D:4      | Noticed Duvessa
  2640 | D:4      | Noticed Dowan
  2655 | D:4      | HP: 2/47 [Dowan/+0 dagger (3)]
  2656 | D:4      | Slain by Dowan

Illustrated notes

Levels and vault maps discovered:
D:1:      dpeg_arrival_simpleton_c, layout_loops_ring
D:2:      layout_loops_cross, serial_shops, shop
D:3:      layout_basic, hellmonk_sif_muna_bookshelves
D:4:      layout_loops_ring, gammafunk_ghost_smash,
          chequers_serial_rivers_micro_e, uniq_duvessa

Skill      XL: |  1  2  3  4  5 |
---------------+----------------+-----
Stealth        | 2 3 |  3.3
Ranged Weapons | 5 |  5.9
Fighting       | 3 |  3.6
Dodging        | |  2.0

Action                     |  1- 3 |  4- 6 || total
---------------------------+-------+-------++-------
   Fire: Shortbow          |    71 |   162 ||   233
    Use: Potion            |       |     4 ||     4
 Armour: Leather armour    |    22 |    81 ||   103
  Dodge: Dodged            |    11 |    44 ||    55

Table legend: (Time is in decaauts)
 A = Elapsed time spent in this place.
 B = Non-inter-level travel time spent in this place.
 C = Inter-level travel time spent in this place.
 D = Time resting spent in this place.
 E = Time spent auto-exploring this place.
 F = Levels seen in this place.
 G = Mean time per level.
                   A        B        C        D        E       F      G
               +--------+--------+--------+--------+--------+-----+--------+
         Total |   2703 |   2629 |     74 |    604 |   1618 |   4 |  675.8 |
       Dungeon |   2703 |   2629 |     74 |    604 |   1618 |   4 |  675.8 |
               +--------+--------+--------+--------+--------+-----+--------+

Top non-repeatable levels by time:
     D:2: 949 daAuts
     D:1: 807 daAuts
     D:3: 678 daAuts
     D:4: 267 daAuts
